 Dungeon Crawl Stone Soup version 0.23.2 (webtiles) character file.

Game seed: 16903359097819874964

30 redwoodhats the Sneak (level 3, -2/32 HPs)
             Began as a Naga Assassin on Apr 9, 2019.
             Slain by a gnoll
             ... wielding a +0 flail
              (4 damage)
             ... on level 2 of the Dungeon.
             The game lasted 00:06:12 (1468 turns).

redwoodhats the Sneak (Naga Assassin)               Turns: 1468, Time: 00:06:12

Health: -2/32      AC:  3    Str: 13    XL:     3   Next: 18%
Magic:  3/3        EV:  9    Int: 11    God:
Gold:   76         SH:  0    Dex: 13    Spells: 2/2 levels left

rFire    . . .     SeeInvis +   a - +2 dagger
rCold    . . .     Gourm    .   (no shield)
rNeg     . . .     Faith    .   c - +0 robe
rPois    +         Spirit   .   (no helmet)
rElec    .         Reflect  .   d - +0 cloak
rCorr    .         Harm     .   (no gloves)
MR       .....                  (no barding)
Stlth    +++.......             (no amulet)
HPRegen  0.10/turn              (no ring)
MPRegen  0.08/turn              (no ring)

@: very slow
A: large, see invisible, deformed body, poison resistance, slowness 2, slow
metabolism 1, spit poison 1, AC +1
a: Spit Poison


You were on level 2 of the Dungeon.
You were not hungry.

You visited 1 branch of the dungeon, and saw 2 of its levels.

You collected 76 gold pieces.

Inventory:

Hand Weapons
 a - a +2 dagger (weapon)
 b - a +0 blowgun
 j - a +1 dagger of draining
Missiles
 e - 8 poisoned needles
 f - 2 curare-tipped needles
Armour
 c - a +0 robe (worn)
 d - a +0 cloak (worn)
Scrolls
 i - 2 scrolls of identify {unknown}
 l - a scroll of blinking {unknown}
 m - a scroll of noise {unknown}
 p - a scroll of remove curse {unknown}
Potions
 h - a potion of agility {unknown}
 k - 2 potions of magic {unknown}
 n - a potion of curing {unknown}
 o - a potion of heal wounds {unknown}
 q - a potion of might {unknown}
 r - a potion of mutation {unknown}
Comestibles
 g - 3 rations


   Skills:
 + Level 2.0 Fighting
 + Level 2.4 Short Blades
 + Level 1.8 Throwing
 + Level 1.0 Dodging
 + Level 6.7 Stealth


You had 2 spell levels left.
You didn't know any spells.
Your spell library was empty.

Dungeon Overview and Level Annotations

Branches:
Dungeon (2/15)

Altars:


Innate Abilities, Weirdness & Mutations

You cannot wear boots.
Your serpentine skin is tough. (AC +1)
You have supernaturally acute eyesight. (SInv)
Armour fits poorly on your strangely shaped body.
Your system is resistant to poisons. (rPois)
You cover ground very slowly.
You have a slow metabolism.
You can spit poison.


Message History

The gnoll is moderately wounded.
The gnoll hits you with a +0 flail.
You hit the gnoll.
The gnoll is heavily wounded.
The gnoll closely misses you.
You hit the gnoll.
The gnoll is severely wounded.
You hit the gnoll but do no damage.
The gnoll is severely wounded.
The gnoll misses you.
You hit the gnoll.
The gnoll is almost dead.
The gnoll hits you with a +0 flail!
* * * LOW HITPOINT WARNING * * *
You barely miss the gnoll.
The gnoll is almost dead.
You hit the gnoll but do no damage.
The gnoll is almost dead.
The gnoll hits you with a +0 flail.
You die...

##........ #......... .
+.........
....############.........
#......gg..)......#######
#..(...#g################
#....g.#g##<.............
#..(...#g################
#..g...#@# ##.g##.#.# #..
..#.# #. ..#.. ###


You could see 4 gnolls and a hobgoblin.

Vanquished Creatures
  A dart slug (D:1)
  2 bats (D:1)
  2 giant cockroaches (D:1)
  3 goblins
  5 hobgoblins
  4 jackals (D:2)
  2 kobolds (D:1)
  A frilled lizard (D:1)
  3 rats (D:1)
  A fungus (D:1)
24 creatures vanquished.

Notes
Turn   | Place    | Note
-------+----------+-------------------------------------------
     0 | D:1      | redwoodhats the Naga Assassin began the quest for the Orb.
     0 | D:1      | Reached XP level 1. HP: 19/19 MP: 1/1
   201 | D:1      | Reached skill level 6 in Stealth
   288 | D:1      | Reached skill level 1 in Dodging
   294 | D:1      | Reached XP level 2. HP: 6/26 MP: 2/2
  1392 | D:2      | Reached XP level 3. HP: 17/32 MP: 3/3
  1468 | D:2      | Slain by a gnoll

Skill      XL: |  1 |
---------------+----+-----
Stealth        | 6 |  6.7
Dodging        | 1 |  1.0
Fighting       | |  2.0
Short Blades   | |  2.4
Throwing       | |  1.8

Action                   || total
-------------------------++-------
Melee: Dagger            ||   110
 Fire: Blowgun           ||     4
 Stab: Sleeping          ||     8
  Eat: Ration            ||     1
Armor: Robe              ||    23
Dodge: Dodged            ||    34
